 Dungeon Crawl Stone Soup version 0.30.0-13-g156ef70053 (webtiles) character file.

Game seed: 1391306985251846727

27156 monsoonserge the Basher (level 14, -10/118 HPs)
             Began as a Meteoran Hexslinger on May 17, 2023.
             Was a High Priest of Nemelex Xobeh.
             Mangled by a minotaur
             ... wielding a +0 rapier
              (12 damage)
             ... in a Gauntlet.
             The game lasted 01:56:36 (7104 turns).

monsoonserge the Basher (Meteoran Hexslinger)       Turns: 7104, Time: 01:56:37

Health: -10/118    AC:  8    Str: 12    XL:     14   Next: 2%
Magic:  32/32      EV: 15    Int: 16    God:    Nemelex Xobeh [*****.]
Gold:   893        SH: 10    Dex: 16    Spells: 7/19 levels left

rFire   . . .        A - +8 whip "Qial" {drain, Fly}
rCold   + . .        r - +0 buckler
rNeg    + + .        X - +3 leather armour {Will+}
rPois   +            (helmet restricted)
rElec   .            I - +0 cloak
rCorr   .            (no gloves)
SInv    +            (no boots)
Will    ++...        N - amulet of reflection
Stlth   +            H - +4 ring of slaying
HPRegen 1.19/turn    f - ring of Idih {rPois rC+ rN++ MP+9 Int-3}
MPRegen 0.23/turn

%: no teleportation, reflection
@: flying, glowing
A: sense surroundings 2, otherworldly, glowing, explore regen, horns 1, see
invisible, regeneration 1, screaming 1
a: Renounce Religion, Draw Escape, Draw Destruction, Draw Summoning, Triple
Draw, Deal Four, Stack Five


You were in a Gauntlet.
You worshipped Nemelex Xobeh.
Nemelex Xobeh was extremely pleased with you.
You visited 4 branches of the dungeon, and saw 17 of its levels.
You also visited: Gauntlet.

You collected 893 gold pieces.

Inventory:

Hand Weapons
 a - a +1 sling
 A - the +8 whip "Qial" (weapon) {drain, Fly}
   (You found it on level 5 of the Dungeon)

   Fly:       It grants you flight.
Missiles
 k - 14 javelins (quivered)
 D - 11 poisoned darts
 K - 2 throwing nets
 Z - 4 atropa-tipped darts
Armour
 c - a +2 chain mail of poison resistance
 m - a +3 ring mail
 r - a +0 buckler (worn)
 u - the +1 scale mail "Ufuprog" {Rampage +Inv Will+++ Str-5}
   (You found it on level 8 of the Dungeon)

   Str:       It affects your strength (-5).
   +Inv:      It lets you turn invisible.
   Rampage:   It bestows one free step when moving towards enemies.
   Will:      It greatly increases your willpower.
 z - a +0 helmet
 I - a +0 cloak (worn)
 J - +0 steam dragon scales
 W - +0 acid dragon scales
 X - a +3 leather armour of willpower (worn)
Jewellery
 f - the ring of Idih (right hand) {rPois rC+ rN++ MP+9 Int-3}
   (You found it on level 8 of the Dungeon)

   [ring of magical power]

   Int:       It affects your intelligence (-3).
   rC:        It protects you from cold.
   rPois:     It protects you from poison.
   rN:        It greatly protects you from negative energy.
   MP:        It affects your magic capacity (+9).
 s - a ring of ice
 H - a +4 ring of slaying (left hand)
 N - an amulet of reflection (around neck)
 Y - an amulet of regeneration
Wands
 y - a wand of roots (20)
 E - a wand of light (17)
 O - a wand of flame (10)
 R - a wand of digging (8)
Scrolls
 b - 3 scrolls of poison
 d - 5 scrolls of magic mapping
 g - 4 scrolls of vulnerability
 i - 2 scrolls of enchant weapon {unknown}
 j - 7 scrolls of teleportation
 l - 5 scrolls of immolation
 n - 6 scrolls of fog
 q - 2 scrolls of torment {unknown}
 t - 2 scrolls of enchant armour {unknown}
 w - 2 scrolls of fear {unknown}
 B - 3 scrolls of amnesia {unknown}
 C - a scroll of acquirement {unknown}
 M - 4 scrolls of blinking
 Q - a scroll of noise {unknown}
 S - a scroll of silence {unknown}
 V - 3 scrolls of summoning
Potions
 e - 3 potions of heal wounds
 h - 3 potions of attraction
 o - 4 potions of mutation
 p - 4 potions of curing
 v - 2 potions of brilliance
 F - a potion of berserk rage {unknown}
 G - 2 potions of might {unknown}
 L - 2 potions of degeneration {unknown}
 P - 2 potions of haste {unknown}
 U - a potion of flight {unknown}
Miscellaneous
 x - a lightning rod (4/4)


   Skills:
 + Level 9.0 Fighting
 + Level 11.8 Maces & Flails
 + Level 10.8 Ranged Weapons
 + Level 2.4 Throwing
 + Level 6.2 Armour
 + Level 7.5 Dodging
 - Level 1.0 Stealth
 + Level 5.0 Shields
 - Level 3.0 Spellcasting
 - Level 5.0 Conjurations
 + Level 9.7 Hexes
 + Level 10.9 Invocations
 * Level 5.1 Evocations


You had 7 spell levels left.
You knew the following spells:

 Your Spells              Type           Power      Damage    Failure   Level
a - Slow                  Hex            100%       N/A       1%          1
b - Cause Fear            Hex            16%        N/A       6%          4
c - Tukima's Dance        Hex            33%        N/A       1%          3
d - Fulminant Prism       Conj/Hex       12%        3d8       16%         4

Your spell library contained the following spells:

 Spells                   Type           Power      Damage    Failure   Level
 Magic Dart               Conj           72%        1d6       4%          1
 Searing Ray              Conj           36%        2d5       6%          2
 Inner Flame              Hex/Fire       17%        N/A       13%         3
 Portal Projectile        Hex/Tloc       34%        N/A       13%         3
 Yara's Violent Unravell  Hex/Tmut       8%         3d5       75%         5
 Animate Armour           Summ/Erth      4%         N/A       97%         4
 Passage of Golubria      Tloc           2%         N/A       97%         4
 Blade Hands              Tmut           1%         N/A       100%        5
 Iron Shot                Conj/Erth      5%         9d2       100%        6


Dungeon Overview and Level Annotations

Branches:
Dungeon (12/15) Zot: 1784  Temple (1/1) D:7 Zot: 592    Lair (3/5) D:9 Zot: 702
  Swamp (0/4) Lair:3       Spider (1/4) Lair:2 Zot: 588 Gauntlet (1/1) Zot: 220
    Orc: D:9-12

Altars:
Ashenzari
Cheibriados
Dithmenos
Elyvilon
Nemelex Xobeh
Qazlal
Sif Muna
Xom
Zin
The Shining One

Shops:
D:4 *

Annotations:
D:11 Amaemon Gauntlet 6 transporters, exclusion: obsidian statue


Innate Abilities, Weirdness & Mutations

You passively map the area around you.
You are easily found by Zot.
You glow in the dark.
You regain HP and MP as you explore.
You have a pair of small horns on your head.
You have supernaturally acute eyesight. (SInv)
Your natural rate of healing is unusually fast.
You occasionally shout uncontrollably at your foes.


Message History

The smoke demon is severely wounded.
You are covered in liquid flames!
You whack the smoke demon! Your headbutt misses the smoke demon.
The smoke demon is almost dead.
You are covered in liquid flames!
You block the smoke demon's attack. The smoke demon barely misses you.
You block the smoke demon's attack.
Your rakshasa barely misses the minotaur.
The minotaur furiously retaliates!
The minotaur headbutts your rakshasa!
The minotaur throws a silver javelin.
The silver javelin pierces through you!!
The silver sears you!
* * * LOW HITPOINT WARNING * * *
You feel much better.
You are covered in liquid flames!
Your rakshasa hits the minotaur with a +0 trident!!
The smoke demon hits you.
The smoke demon hits you but does no damage.
You block the smoke demon's attack.
You feel much better.
You are covered in liquid flames!
You are no longer on fire.
Your rakshasa hits the minotaur with a +0 trident!
The smoke demon hits you. You block the smoke demon's attack. x2
The minotaur hits you with a +0 rapier!
* * * LOW HITPOINT WARNING * * *
The minotaur closely misses you.
Press: ? - help, v - describe, . - travel
Here: a smoke demon (almost dead, summoned)
The floor.
You feel much better.
Your rakshasa blinks!
The smoke demon gestures at you. Something smites you!
* * * LOW HITPOINT WARNING * * *
The minotaur hits you with a +0 rapier!!
* * * LOW HITPOINT WARNING * * *
The minotaur gores you!
You die...
Your body disappears without additional glow.

* ,, * , , , * ≈.≈?#..*
≈.8©#..#...##########
≈...#..#.8.#........####
.≈.≈#..#...#.######....#
≈≈≈.#..#.8.#.#§H@3####.#
...=#..#...#.#.##....#.#
#####..#...#.#. ####.#.#
......≈#.©.#.#. ⌠#.###
.....§§#.....#. , ,#...#
....§.≈#.©.#.#.* ###.#
#####..#...#.#.* * #.#
..#=#..#...#.#. *, , #.#
.#..#..#.8.#.# ####.#


You could see a minotaur and a smoke demon (summoned).

Vanquished Creatures
  A dire elephant (Gauntlet)
  2 hydras
  Erica (Lair:2)
  A boulder beetle (Lair:1)
  3 two-headed ogres
  Urug (Lair:2)
  A skyshark (Lair:2)
  A sixfirhy (D:10)
  An orb spider (Lair:2)
  A manticore (D:7)
  A cyclops (D:7)
  2 black mambas
  An ice statue (Gauntlet)
  An apocalypse crab (D:10)
  A rust devil (D:10)
  An elephant (Gauntlet)
  An orange demon (D:10)
  Joseph (Lair:1)
  2 torpor snails
  2 cane toads
  Maggie (D:6)
  2 rime drakes
  3 komodo dragons
  A hellwing (D:10)
  A polar bear (D:9)
  A hornet (D:7)
  8 blink frogs
  Grinder (D:6)
  A spriggan (D:10)
  A shadow (D:10)
  A wraith (D:11)
  A wyvern (D:9)
  A ynoxinul (D:10)
  A vampire (D:11)
  33 yaks
  2 basilisks
  A chaos spawn (D:10)
  2 vampire mosquitoes (D:11)
  A steam dragon (D:7)
  4 acid dragons
  Duvessa (D:6)
  4 water moccasins
  3 orc warriors
  3 sky beasts
  5 ice beasts
  A black bear (Lair:2)
  16 wolves
  2 ogres
  A centaur (D:11)
  A phantom (D:6)
  2 bullfrogs
  2 gnoll sergeants (D:7)
  A scorpion (D:6)
  Dowan (D:6)
  12 killer bees (D:9)
  An electric eel (Lair:2)
  4 howler monkeys
  A hound (D:7)
  An orc priest (D:8)
  A gnoll bouda (D:6)
  Crazy Yiuf (D:5)
  4 iguanas
  2 sleepcaps
  4 orc wizards
  14 gnolls
  7 adders
  A shadow imp (D:7)
  A worm (D:3)
  2 dart slugs
  21 orcs
  A bat (D:2)
  9 endoplasms
  4 hobgoblins
  8 jackals
  3 quokkas
  4 ball pythons
  2 frilled lizards
  6 goblins
  5 kobolds
  3 rats
258 creatures vanquished.

Vanquished Creatures (collateral kills)
  A sky beast (D:7)
  An orc (D:7)
2 creatures vanquished.

Vanquished Creatures (others)
  6 fulminant prisms (Gauntlet)
6 creatures vanquished.

Grand Total: 266 creatures vanquished

Notes
Turn   | Place    | Note
-------+----------+-------------------------------------------
     0 | D:1      | monsoonserge the Meteoran Hexslinger began the quest for
                  | the Orb.
     0 | D:1      | Reached XP level 1. HP: 16/16 MP: 3/3
    31 | D:1      | Reached XP level 2. HP: 23/23 MP: 5/5
   176 | D:1      | Reached XP level 3. HP: 28/28 MP: 6/6
   677 | D:2      | Reached XP level 4. HP: 35/35 MP: 7/7
   858 | D:3      | Found a glowing silver altar of Zin.
  1004 | D:3      | Reached skill level 1 in Armour
  1009 | D:3      | Learned a level 4 spell: Cause Fear
  1082 | D:3      | Found a faded altar of an unknown god.
  1090 | D:3      | Prayed at the altar of an unknown god.
  1090 | D:3      | Became a worshipper of Nemelex Xobeh the Trickster
  1090 | D:3      | Reached * piety under Nemelex Xobeh
  1090 | D:3      | Received a gift from Nemelex Xobeh
  1347 | D:4      | Reached XP level 5. HP: 40/40 MP: 8/8
  1413 | D:4      | HP: 2/40 [orc priest/divine providence (13)]
  1436 | D:4      | Found a glowing golden altar of the Shining One.
  1475 | D:3      | Reached ** piety under Nemelex Xobeh
  1475 | D:3      | Received a gift from Nemelex Xobeh
  1562 | D:4      | Found Waas's Assorted Antiques.
  1598 | D:5      | Entered Level 5 of the Dungeon
  1661 | D:5      | Identified the +8 whip "Qial" {drain, Fly}
  1710 | D:5      | Reached skill level 1 in Invocations
  1735 | D:5      | Found a stormy altar of Qazlal.
  1735 | D:5      | Noticed a sky beast
  1745 | D:5      | Killed a sky beast
  1746 | D:5      | Reached XP level 6. HP: 41/48 MP: 6/9
  1856 | D:5      | Reached skill level 5 in Ranged Weapons
  1870 | D:5      | Found a shimmering altar of Xom.
  1983 | D:5      | Found a runed translucent door.
  1984 | D:5      | Noticed Crazy Yiuf
  1985 | D:5      | Received a gift from Nemelex Xobeh
  1992 | D:5      | Killed Crazy Yiuf
  1993 | D:5      | Reached XP level 7. HP: 49/53 MP: 10/10
  2003 | D:5      | Identified the +4 hammer of Goecseys {elec, rF+ Int+6}
  2065 | D:6      | Noticed Maggie
  2081 | D:6      | Killed Maggie
  2082 | D:6      | Reached skill level 1 in Maces & Flails
  2082 | D:6      | Reached skill level 5 in Hexes
  2122 | D:6      | Reached XP level 8. HP: 44/61 MP: 11/11
  2169 | D:6      | Reached skill level 2 in Maces & Flails
  2172 | D:6      | Reached skill level 1 in Shields
  2334 | D:6      | Noticed Grinder
  2346 | D:6      | Reached skill level 3 in Maces & Flails
  2346 | D:6      | Paralysed by Grinder for 2 turns
  2359 | D:6      | Paralysed by Grinder for 5 turns
  2364 | D:6      | Killed Grinder
  2365 | D:6      | Gained mutation: You passively map the area around you.
                  | [Meteoran growth]
  2365 | D:6      | Reached XP level 9. HP: 57/68 MP: 13/13
  2705 | D:7      | Noticed a cyclops
  2706 | D:7      | Noticed a manticore
  2719 | D:7      | Killed a cyclops
  2720 | D:7      | Reached skill level 4 in Maces & Flails
  2720 | D:7      | Reached skill level 5 in Invocations
  2729 | D:7      | Noticed a two-headed ogre
  2730 | D:7      | Killed a manticore
  2731 | D:7      | Reached skill level 5 in Maces & Flails
  2731 | D:7      | Reached skill level 1 in Throwing
  2731 | D:7      | Noticed a troll
  2751 | D:6      | Reached *** piety under Nemelex Xobeh
  2782 | D:6      | Reached XP level 10. HP: 78/78 MP: 15/15
  2816 | D:7      | Gained mutation: You are agile. (Dex +4, Str/Int -1)
                  | [potion of mutation]
  2816 | D:7      | Gained mutation: Armour fits poorly on your strangely
                  | shaped body. [potion of mutation]
  2816 | D:7      | Gained mutation: Your flesh is heat resistant. (rF+)
                  | [potion of mutation]
  2816 | D:7      | Gained mutation: You passively map a large area around you.
                  | [potion of mutation]
  2883 | D:6      | Killed a two-headed ogre
  2920 | D:6      | Noticed Dowan
  2921 | D:6      | Noticed Duvessa
  2922 | D:6      | Killed Dowan
  2929 | D:6      | Killed Duvessa
  2930 | D:6      | Reached skill level 6 in Maces & Flails
  2948 | D:6      | Found a shimmering blue altar of Sif Muna.
  3206 | D:7      | Received a gift from Nemelex Xobeh
  3207 | D:7      | Lost mutation: You are agile. (Dex +4, Str/Int -1) [potion
                  | of mutation]
  3207 | D:7      | Lost mutation: You passively map a large area around you.
                  | [potion of mutation]
  3207 | D:7      | Gained mutation: You occasionally shout uncontrollably at
                  | your foes. [potion of mutation]
  3207 | D:7      | Gained mutation: You have an increased reservoir of magic.
                  | (+10% MP) [potion of mutation]
  3208 | D:7      | Lost mutation: Your flesh is heat resistant. (rF+) [potion
                  | of mutation]
  3208 | D:7      | Lost mutation: Armour fits poorly on your strangely shaped
                  | body. [potion of mutation]
  3208 | D:7      | Lost mutation: You have an increased reservoir of magic.
                  | (+10% MP) [potion of mutation]
  3208 | D:7      | Gained mutation: Your natural rate of healing is unusually
                  | fast. [potion of mutation]
  3208 | D:7      | Gained mutation: You have supernaturally acute eyesight.
                  | (SInv) [potion of mutation]
  3208 | D:7      | Gained mutation: You have a pair of small horns on your
                  | head. [potion of mutation]
  3370 | D:7      | Found a staircase to the Ecumenical Temple.
  3379 | Temple   | Entered the Ecumenical Temple
  3532 | D:9      | Reached skill level 1 in Stealth
  3543 | D:9      | Noticed a rime drake
  3559 | D:8      | Killed a rime drake
  3560 | D:8      | Reached skill level 5 in Dodging
  3560 | D:8      | Reached XP level 11. HP: 61/85 MP: 16/18
  3599 | D:8      | Reached skill level 7 in Maces & Flails
  3651 | D:8      | Reached skill level 5 in Fighting
  3732 | D:8      | Identified the ring of Idih {rPois rC+ rN++ MP+9 Int-3}
  3783 | D:9      | Found a staircase to the Lair.
  3899 | D:9      | Reached **** piety under Nemelex Xobeh
  3944 | D:8      | Identified the +1 scale mail "Ufuprog" {Rampage +Inv
                  | Will+++ Str-5}
  4072 | D:8      | You fall into a shaft and drop 3 floors!
  4084 | D:10     | Entered Level 10 of the Dungeon
  4084 | D:10     | Noticed a sun demon
  4174 | D:11     | Noticed a two-headed ogre
  4191 | D:11     | Killed a two-headed ogre
  4192 | D:11     | Reached skill level 8 in Maces & Flails
  4325 | D:11     | Noticed Erolcha
  4328 | D:11     | Erolcha changed into Erolcha the sky beast
  4328 | D:11     | Noticed Erolcha
  4328 | D:11     | Killed Erolcha the sky beast
  4366 | D:12     | Noticed a cyclops
  4374 | D:11     | Received a gift from Nemelex Xobeh
  4393 | D:11     | Reached XP level 12. HP: 81/97 MP: 20/20
  4472 | D:11     | Noticed a two-headed ogre
  4492 | D:11     | Killed a two-headed ogre
  4508 | D:11     | Learned a level 3 spell: Tukima's Dance
  4606 | D:11     | Received a gift from Nemelex Xobeh
  4649 | D:11     | Noticed Amaemon
  4813 | D:10     | Noticed a sixfirhy
  4832 | D:10     | Killed a sixfirhy
  4833 | D:10     | Reached skill level 10 in Ranged Weapons
  4866 | D:10     | Reached skill level 10 in Invocations
  4877 | D:10     | Found a shadowy altar of Dithmenos.
  4970 | D:10     | Reached skill level 5 in Armour
  4971 | D:10     | Reached skill level 9 in Maces & Flails
  5061 | D:10     | Reached ***** piety under Nemelex Xobeh
  5128 | Lair:1   | Entered Level 1 of the Lair of Beasts
  5128 | Lair:1   | Noticed Joseph
  5497 | Lair:1   | Killed Joseph
  5601 | Lair:1   | Received a gift from Nemelex Xobeh
  5625 | Lair:1   | Reached skill level 10 in Maces & Flails
  5625 | Lair:1   | Reached XP level 13. HP: 73/107 MP: 22/22
  5670 | Lair:1   | Learned a level 4 spell: Fulminant Prism
  5709 | Lair:1   | Reached skill level 1 in Conjurations
  5836 | Lair:1   | Noticed a boulder beetle
  5853 | Lair:1   | Killed a boulder beetle
  5921 | Lair:2   | Noticed a six-headed hydra
  5923 | Lair:2   | Noticed Urug
  5931 | Lair:2   | Killed a six-headed hydra
  5953 | Lair:2   | Killed Urug
  5988 | Lair:2   | Noticed Erica
  6000 | Lair:2   | Killed Erica
  6040 | Lair:2   | Reached skill level 11 in Maces & Flails
  6381 | Lair:2   | Received a gift from Nemelex Xobeh
  6503 | Lair:3   | Noticed an eight-headed hydra
  6512 | Lair:2   | Found a hole to the Spider Nest.
  6550 | Lair:2   | Upgraded the game from 0.30.0-11-gf55b779eaf to
                  | 0.30.0-13-g156ef70053
  6552 | Spider:1 | Entered Level 1 of the Spider Nest
  6660 | Lair:3   | Killed an eight-headed hydra
  6690 | Lair:3   | Found a gate leading to a gauntlet.
  6699 | Gauntlet | Entered a Gauntlet
  6699 | Gauntlet | Received a gift from Nemelex Xobeh
  6699 | Gauntlet | Found a transporter.
  6699 | Gauntlet | Found a transporter.
  6700 | Gauntlet | Found a transporter.
  6700 | Gauntlet | Found a transporter.
  6703 | Gauntlet | Found a transporter.
  6704 | Gauntlet | Found a transporter.
  6712 | Gauntlet | Found the +3 Elemental Staff {rElec rF+ rC+ AC+3}
  6713 | Gauntlet | Found a transporter.
  6713 | Gauntlet | Found a transporter.
  6717 | Gauntlet | Found a transporter.
  6719 | Gauntlet | Found a transporter.
  6723 | Gauntlet | Noticed a dire elephant
  6727 | Gauntlet | Found a transporter.
  6730 | Gauntlet | Found a transporter.
  6807 | Gauntlet | Reached skill level 5 in Conjurations
  7001 | Gauntlet | Killed a dire elephant
  7002 | Gauntlet | Reached skill level 5 in Shields
  7002 | Gauntlet | Reached skill level 5 in Evocations
  7002 | Gauntlet | Reached XP level 14. HP: 100/118 MP: 23/23
  7095 | Gauntlet | Noticed a minotaur
  7104 | Gauntlet | HP: 2/118 [minotaur/+0 rapier (32)]
  7104 | Gauntlet | Mangled by a minotaur

Illustrated notes

Levels and vault maps discovered:
D:1:      mrwooster_arrival_statue, layout_loops_cross
D:2:      layout_basic, serial_bayou_pond_c
D:3:      layout_basic, zin_academy, shapermc_ecumenical_altar_gd, st_stairs_12
D:4:      layout_cave_pools, tso_metal_star, serial_shops, kennysheep_mini,
          minmay_misc_feat_alley
D:5:      layout_loops_ring, nicolae_qazlal_beasts_of_the_sky,
          mainiacjoe_overflow_24_doors, uniq_crazy_yiuf_cottage
D:6:      layout_basic, lemuel_coloured_pillars_altar, mrwooster_statue_mirror,
          uniq_duvessa, uniq_maggie, uniq_grinder
D:7:      layout_rooms, minmay_temple_entry_statues_fountains,
          minmay_the_grid_2x2 [minmay_the_grid_odd_star, minmay_the_grid_expand,
          minmay_the_grid_dragon_b, minmay_the_grid_prize_inner_circle]
D:8:      layout_basic, minmay_misc_feat_cross, patterned_corridor, uniq_psyche
D:9:      layout_roguey, hellmonk_lair_entry_icy
D:10:     layout_rooms, grunt_dithmenos_shadows, hiddenorc1_lemuel,
          serial_demonic, serial_demonic_e, serial_demonic_c, serial_demonic_c,
          serial_demonic_a, the_hattery, uniq_lodul
D:11:     layout_grid_maze, lemuel_zombie_altar_yredelemnul, uniq_amaemon,
          uniq_erolcha
D:12:     layout_cave_pools, serial_shops, shop, serial_park_tiny_1
Temple:   kb_temple_of_zot
Lair:1:   layout_cave_pods, grunt_megastairs_5, uniq_joseph
Lair:2:   layout_loops_ring, nicolae_spider_entry_orb_guardian,
          eino_small_chamber_without_monster, infiniplex_staircase_pool_2,
          wad_woods_river_01, lemuel_fruit_fields, uniq_erica, uniq_urug
Lair:3:   layout_gridlike, skrybe_swamp_entry_bodies, gauntlet_entry_generic
Spider:1: layout_cave_pods
Gauntlet: gammafunk_gauntlet_hard_choice [nicolae_gauntlet_arena_x,
          gammafunk_gauntlet_arena_grid, gammafunk_gauntlet_arena_spirals,
          gammafunk_gauntlet_arena_open, gammafunk_gauntlet_arena_arrow_garden,
          nicolae_gauntlet_arena_flowing_pool,
          dreamdust_gauntlet_exit_labyrinth]

Skill      XL: |  1  2  3  4  5  6  7  8  9 10 11 12 13 |
---------------+----------------------------------------+-----
Hexes          | 4 5 6 8 9 |  9.7
Ranged Weapons | 3 4 5 6 7 8 9 10 | 10.8
Armour         | 1 2 3 5 6 |  6.2
Invocations    | 1 2 4 6 8 9 10 | 10.9
Dodging        | 3 4 5 6 7 |  7.5
Fighting       | 2 3 4 6 7 9 |  9.0
Maces & Flails | 1 3 5 6 8 10 11 | 11.8
Spellcasting   | 2 3 |  3.0
Shields        | 1 2 4 5 |  5.0
Evocations     | 2 3 4 5 |  5.1
Throwing       | 1 2 |  2.4
Stealth        | 1 |  1.0
Conjurations   | 5 |  5.0

Action                     |  1- 3 |  4- 6 |  7- 9 | 10-12 | 13-15 || total
---------------------------+-------+-------+-------+-------+-------++-------
  Melee: Whip              |       |    21 |    67 |   449 |   303 ||   840
         Headbutt          |       |       |       |   104 |    78 ||   182
   Fire: Sling             |    65 |   111 |    44 |   131 |    47 ||   398
  Throw: Javelin           |       |       |     4 |       |    12 ||    16
         Dart              |       |       |       |     9 |     1 ||    10
   Cast: Slow              |     2 |     6 |    14 |    47 |    15 ||    84
         Cause Fear        |       |       |     1 |     4 |       ||     5
         Tukima's Dance    |       |       |       |     1 |       ||     1
         Fulminant Prism   |       |       |       |       |     6 ||     6
 Invoke: Draw Destruction  |       |     8 |     4 |    13 |     3 ||    28
         Draw Summoning    |       |       |     1 |     2 |     2 ||     5
  Evoke: Wand              |       |       |       |     2 |     6 ||     8
    Use: Potion            |       |       |     1 |     5 |     3 ||     9
         Scroll            |       |       |       |    10 |     5 ||    15
   Stab: Distracted        |       |       |       |     1 |       ||     1
 Armour: Robe              |     4 |       |       |       |       ||     4
         Ring mail         |     6 |    22 |       |    25 |       ||    53
         Leather armour    |       |    15 |       |    21 |    45 ||    81
         Steam dragon scal |       |       |    23 |    17 |       ||    40
         Acid dragon scale |       |       |       |     8 |       ||     8
  Dodge: Dodged            |    22 |    55 |    25 |   215 |    99 ||   416
  Block: Buckler           |       |    11 |     9 |    81 |    73 ||   174
